IL
COLUMBUS CLIPPERS @ CHARLOTTE KNIGHTS
05/27/2048
 
TOP OF THE 1ST
Columbus Clippers batting - Pitching for Charlotte Knights : RHP Jake Milligan
Pitching: RHP Jake Milligan
Batting: LHB Gabe White 0-0: Called Strike
0-1: Ball
1-1: Swinging Strike
1-2: Ball
2-2: Ball
3-2: Strikes out swinging
Batting: LHB Corey Trevor 0-0: Called Strike
0-1: Ball
1-1: Ball
2-1: Swinging Strike
2-2: Ball
3-2: Strikes out swinging
Batting: LHB Jesus Lozano 0-0: Called Strike
0-1: Ball
1-1: Called Strike
1-2: Strikes out looking
Top of the 1st over - 0 runs, 0 hits, 0 errors, 0 left on base; Columbus 0 - Charlotte 0
BOTTOM OF THE 1ST
Charlotte Knights batting - Pitching for Columbus Clippers : RHP Josh Hoeye
Pitching: RHP Josh Hoeye
Batting: RHB Jeremy Hoffert 0-0: Bunt missed!
0-1: Foul Ball, location: 2F
0-2: SINGLE (Groundball, 5S, EV 73.1 MPH) (infield hit)
Batting: LHB Carlos Ramirez 0-0: Called Strike
Pickoff Throw by Catcher to First - Error! E2
Jeremy Hoffert to second
0-1: Foul Ball, location: 2F
0-2: Ball
1-2: Ball
2-2: Ball
3-2: Foul Ball, location: 2F
3-2: Foul Ball, location: 2F
3-2: Fly out, F9 (Flyball, 9S, EV 95.6 MPH)
Batting: LHB Jason Bell 0-0: Foul Ball, location: 2F
0-1: Foul Ball, location: 2F
0-2: Ball
1-2: Foul Ball, location: 2F
1-2: Ball
2-2: Ball
Wild Pitch!
Jeremy Hoffert to third
3-2: Base on Balls
Batting: RHB Fletcher Easter 0-0: Swinging Strike
0-1: Swinging Strike
0-2: Ball
1-2: Fielders Choice at 2nd, 4-6 (Groundball, 4, EV 88.1 MPH)
Jeremy Hoffert scores
Batting: SHB Matt Childers 0-0: Foul Ball, location: 2F
0-1: Ball
1-1: Called Strike
1-2: Foul Ball, location: 2F
1-2: Foul Ball, location: 2F
1-2: Strikes out looking
Bottom of the 1st over - 1 run, 1 hit, 1 error, 1 left on base; Columbus 0 - Charlotte 1
TOP OF THE 2ND
Columbus Clippers batting - Pitching for Charlotte Knights : RHP Jake Milligan
Batting: LHB Robert Watson 0-0: Swinging Strike
0-1: Called Strike
0-2: Foul Ball, location: 2F
0-2: Strikes out swinging
Batting: LHB Jack Bell 0-0: Foul Ball, location: 2F
0-1: Ball
1-1: Foul Ball, location: 2F
1-2: Ground out 1-3 (Groundball, 23, EV 65.0 MPH)
Batting: LHB Jim Keefe 0-0: Ball
1-0: Ground out 4-3 (Groundball, 4, EV 101.2 MPH)
Top of the 2nd over - 0 runs, 0 hits, 0 errors, 0 left on base; Columbus 0 - Charlotte 1
BOTTOM OF THE 2ND
Charlotte Knights batting - Pitching for Columbus Clippers : RHP Josh Hoeye
Batting: LHB Ricardo Pagan 0-0: Called Strike
0-1: Swinging Strike
0-2: Foul Ball, location: 2F
0-2: Ball
1-2: Foul Ball, location: 2F
1-2: Foul Ball, location: 2F
1-2: Ground out 4-3 (Groundball, 4MD, EV 93.1 MPH)
Batting: RHB Vic Lucatero 0-0: Ball
1-0: Ball
2-0: Ball
3-0: Base on Balls
Batting: LHB Adam Tarbutton 0-0: Called Strike
0-1: Ball
1-1: 2-RUN HOME RUN (Flyball, 9LD, EV 90.0 MPH), Distance : 339 ft
Batting: RHB Micah Brown 0-0: Called Strike
0-1: Swinging Strike
0-2: Ball
1-2: SINGLE (Flyball, 3D, EV 94.4 MPH)
Batting: RHB Jeremy Hoffert 0-0: Fly out, F8 (Flyball, 8RM, EV 89.4 MPH)
Batting: LHB Carlos Ramirez 0-0: Foul Ball, location: 2F
0-1: Foul Ball, location: 2F
0-2: Ball
1-2: SINGLE (Groundball, 4S, EV 71.9 MPH) (infield hit)
Micah Brown to second
Batting: LHB Jason Bell 0-0: Ball
1-0: Foul Ball, location: 2F
1-1: Called Strike
1-2: Strikes out swinging
Bottom of the 2nd over - 2 runs, 3 hits, 0 errors, 2 left on base; Columbus 0 - Charlotte 3
TOP OF THE 3RD
Columbus Clippers batting - Pitching for Charlotte Knights : RHP Jake Milligan
Batting: RHB Josh Hoeye 0-0: Ground out 6-3 (Groundball, 6, EV 96.9 MPH)
Batting: RHB Stephen Charbonneau 0-0: Ball
1-0: Ball
2-0: Foul Ball, location: 2F
2-1: Foul Ball, location: 2F
2-2: Ball
3-2: Ground out 6-3 (Groundball, 6, EV 105.0 MPH)
Batting: SHB Dan Hill 0-0: Called Strike
0-1: Foul Ball, location: 2F
0-2: Ball
1-2: Strikes out swinging
Top of the 3rd over - 0 runs, 0 hits, 0 errors, 0 left on base; Columbus 0 - Charlotte 3
BOTTOM OF THE 3RD
Charlotte Knights batting - Pitching for Columbus Clippers : RHP Josh Hoeye
Batting: RHB Fletcher Easter 0-0: Called Strike
0-1: Swinging Strike
0-2: Ball
1-2: Foul Ball, location: 2F
1-2: Strikes out swinging
Batting: SHB Matt Childers 0-0: Called Strike
0-1: Foul Ball, location: 2F
0-2: Foul Ball, location: 2F
0-2: Fly out, F9 (Flyball, 9S, EV 96.9 MPH)
Batting: LHB Ricardo Pagan 0-0: Called Strike
0-1: Ball
1-1: Foul Ball, location: 2F
1-2: Ball
2-2: SINGLE (Line Drive, 9S, EV 100.6 MPH)
Batting: RHB Vic Lucatero 0-0: Called Strike
0-1: Ball
1-1: Foul Ball, location: 2F
1-2: Ball
2-2: Strikes out looking
Bottom of the 3rd over - 0 runs, 1 hit, 0 errors, 1 left on base; Columbus 0 - Charlotte 3
TOP OF THE 4TH
Columbus Clippers batting - Pitching for Charlotte Knights : RHP Jake Milligan
Batting: LHB Gabe White 0-0: Called Strike
0-1: Ball
1-1: Foul Ball, location: 2F
1-2: Ball
2-2: Foul Ball, location: 2F
2-2: Fly out, F8 (Flyball, 8LD, EV 88.1 MPH)
Batting: LHB Corey Trevor 0-0: Foul Ball, location: 2F
0-1: Ball
1-1: Ball
2-1: Foul Ball, location: 2F
2-2: SINGLE (Line Drive, 8LS, EV 110.0 MPH)
Batting: LHB Jesus Lozano 0-0: Called Strike
0-1: Foul Ball, location: 2F
0-2: 2-RUN HOME RUN (Flyball, 9D, EV 98.8 MPH), Distance : 356 ft
Batting: LHB Robert Watson 0-0: Ball
1-0: Called Strike
1-1: Swinging Strike
1-2: Strikes out looking
Batting: LHB Jack Bell 0-0: Ball
1-0: Called Strike
1-1: Foul Ball, location: 2F
1-2: Ball
2-2: Foul Ball, location: 2F
2-2: Foul Ball, location: 2F
2-2: Foul Ball, location: 2F
2-2: Ball
3-2: SINGLE (Popup, 4MD, EV 68.8 MPH)
Batting: LHB Jim Keefe 0-0: DOUBLE (Line Drive, 7LS, EV 92.5 MPH)
Jack Bell to third
Runner from 3rd tries for Home, throw by LF and OUT! 7-6-2
Top of the 4th over - 2 runs, 4 hits, 0 errors, 1 left on base; Columbus 2 - Charlotte 3
BOTTOM OF THE 4TH
Charlotte Knights batting - Pitching for Columbus Clippers : RHP Josh Hoeye
Batting: LHB Adam Tarbutton 0-0: Called Strike
0-1: Ball
1-1: Ball
2-1: Foul Ball, location: 2F
2-2: Strikes out swinging
Batting: RHB Micah Brown 0-0: Called Strike
0-1: Ball
1-1: Foul Ball, location: 2F
1-2: Ball
2-2: Ball
3-2: Foul Ball, location: 2F
3-2: Ground out 4-3 (Groundball, 4, EV 90.6 MPH)
Batting: RHB Jeremy Hoffert 0-0: Ball
1-0: Called Strike
1-1: Swinging Strike
1-2: Strikes out swinging
Bottom of the 4th over - 0 runs, 0 hits, 0 errors, 0 left on base; Columbus 2 - Charlotte 3
TOP OF THE 5TH
Columbus Clippers batting - Pitching for Charlotte Knights : RHP Jake Milligan
Batting: RHB Josh Hoeye 0-0: Ball
1-0: Foul Ball, location: 2F
1-1: Ball
2-1: Ground out 6-3 (Groundball, 56D, EV 76.2 MPH)
Batting: RHB Stephen Charbonneau 0-0: DOUBLE (Line Drive, 89M, EV 86.2 MPH)
Batting: SHB Dan Hill 0-0: Ball
1-0: Swinging Strike
1-1: Ground out U3 (Groundball, 3, EV 90.0 MPH)
Stephen Charbonneau to third
Batting: LHB Gabe White 0-0: Called Strike
0-1: Foul Ball, location: 2F
0-2: Ball
1-2: Strikes out swinging
Top of the 5th over - 0 runs, 1 hit, 0 errors, 1 left on base; Columbus 2 - Charlotte 3
BOTTOM OF THE 5TH
Charlotte Knights batting - Pitching for Columbus Clippers : RHP Josh Hoeye
Batting: LHB Carlos Ramirez 0-0: Swinging Strike
0-1: Foul Ball, location: 2F
0-2: Ball
1-2: Strikes out swinging
Batting: LHB Jason Bell 0-0: Foul Ball, location: 2F
0-1: Called Strike
0-2: Ball
1-2: Ball
2-2: Fly out, F8 (Line Drive, 78D, EV 88.1 MPH)
Batting: RHB Fletcher Easter 0-0: Swinging Strike
0-1: Ball
1-1: Foul Ball, location: 2F
1-2: Ground out 4-3 (Groundball, 4M, EV 83.8 MPH)
Bottom of the 5th over - 0 runs, 0 hits, 0 errors, 0 left on base; Columbus 2 - Charlotte 3
TOP OF THE 6TH
Columbus Clippers batting - Pitching for Charlotte Knights : RHP Jake Milligan
Batting: LHB Corey Trevor 0-0: Ball
1-0: Fly out, F7 (Flyball, 7, EV 88.8 MPH)
Batting: LHB Jesus Lozano 0-0: Ball
1-0: Ball
2-0: Called Strike
2-1: Ball
3-1: Swinging Strike
3-2: Strikes out swinging
Batting: LHB Robert Watson 0-0: Ball
1-0: Foul Ball, location: 2F
1-1: Called Strike
1-2: Foul Ball, location: 2F
1-2: Ground out 4-3 (Groundball, 34D, EV 86.2 MPH)
Top of the 6th over - 0 runs, 0 hits, 0 errors, 0 left on base; Columbus 2 - Charlotte 3
BOTTOM OF THE 6TH
Charlotte Knights batting - Pitching for Columbus Clippers : RHP Josh Hoeye
Batting: SHB Matt Childers 0-0: Called Strike
0-1: Ball
1-1: Ball
2-1: Ball
3-1: Base on Balls
Batting: LHB Ricardo Pagan 0-0: Ball
1-0: Called Strike
1-1: Ball
2-1: Foul Ball, location: 2F
2-2: Foul Ball, location: 2F
2-2: Ball
3-2: Foul Ball, location: 2F
3-2: Base on Balls
Matt Childers to second
Pinch Runner at 2nd Adam Lambert:
Batting: RHB Vic Lucatero 0-0: Ball
1-0: Fly out, F9 (Flyball, 9S, EV 90.0 MPH)
Pitching: RHP Kensaku Shiba
Batting: LHB Adam Tarbutton 0-0: Ball
1-0: Called Strike
1-1: Called Strike
1-2: Ball
Wild Pitch!
Adam Lambert to third
Ricardo Pagan to second
2-2: Ball
3-2: Base on Balls
Batting: RHB Micah Brown 0-0: Ball
1-0: Foul Ball, location: 2F
1-1: Fly out, F7 (Flyball, 7, EV 76.9 MPH)
Batting: RHB Jeremy Hoffert 0-0: Ball
1-0: Foul Ball, location: 2F
1-1: Ball
2-1: SINGLE (Line Drive, 6MD, EV 98.1 MPH)
Adam Lambert scores
Ricardo Pagan to third
Adam Tarbutton to second
Runner from 3rd tries for Home, SAFE, throw by CF to home
Batting: LHB Carlos Ramirez 0-0: Swinging Strike
0-1: Foul Ball, location: 2F
0-2: Foul Ball, location: 2F
0-2: Ball
1-2: Ball
2-2: Ball
3-2: Base on Balls
Adam Tarbutton to third
Jeremy Hoffert to second
Batting: LHB Jason Bell 0-0: Ball
1-0: Called Strike
1-1: Ball
2-1: Ball
3-1: SINGLE (Groundball, 34D, EV 96.2 MPH)
Adam Tarbutton scores
Jeremy Hoffert to third
Carlos Ramirez to second
Runner from 3rd tries for Home, SAFE, throw by RF to home
Batting: RHB Fletcher Easter 0-0: Ball
1-0: Ball
2-0: Swinging Strike
2-1: Foul Ball, location: 2F
2-2: Strikes out swinging
Bottom of the 6th over - 4 runs, 2 hits, 0 errors, 2 left on base; Columbus 2 - Charlotte 7
TOP OF THE 7TH
Columbus Clippers batting - Pitching for Charlotte Knights : RHP Jake Milligan
Pitching: RHP Brett Kitchen
Now at SS: Kikuo Sato
Batting: LHB Jack Bell 0-0: Ball
1-0: Ball
2-0: Ball
3-0: Called Strike
3-1: Fly out, F5 (Popup, 5S, EV 80.6 MPH)
Batting: LHB Jim Keefe 0-0: Ball
1-0: Ball
2-0: Ball
3-0: Foul Ball, location: 2F
3-1: Base on Balls
Batting: RHB Josh Hoeye 0-0: Ball
1-0: Foul Ball, location: 2F
1-1: Swinging Strike
1-2: Strikes out looking
Batting: RHB Stephen Charbonneau 0-0: Foul Ball, location: 2F
0-1: Ball
1-1: Ball
2-1: Swinging Strike
2-2: Strikes out swinging
Top of the 7th over - 0 runs, 0 hits, 0 errors, 1 left on base; Columbus 2 - Charlotte 7
BOTTOM OF THE 7TH
Charlotte Knights batting - Pitching for Columbus Clippers : RHP Kensaku Shiba
Batting: RHB Kikuo Sato 0-0: Called Strike
0-1: Foul Ball, location: 2F
0-2: Strikes out swinging
Batting: LHB Ricardo Pagan 0-0: Foul Ball, location: 2F
0-1: Ball
1-1: Swinging Strike
1-2: Foul Ball, location: 2F
1-2: Ball
2-2: SINGLE (Groundball, 5S, EV 71.2 MPH) (infield hit)
Pitching: RHP Nesty Pulido
Batting: RHB Vic Lucatero 0-0: Called Strike
0-1: SINGLE (Line Drive, 6MD, EV 97.5 MPH)
Ricardo Pagan to second
Batting: LHB Adam Tarbutton 0-0: Ball
1-0: Ball
2-0: Ball
3-0: Called Strike
3-1: Foul Ball, location: 2F
3-2: SINGLE (Groundball, 4MD, EV 108.1 MPH)
Ricardo Pagan to third
Vic Lucatero to second
Runner from 3rd tries for Home, SAFE, throw by CF to home
Batting: RHB Micah Brown 0-0: Ball
1-0: Ball
2-0: Called Strike
2-1: Ball
Vic Lucatero is caught stealing 3rd base 2-5
Adam Tarbutton to second
3-1: Ground out 3-1 (Groundball, 34S, EV 82.5 MPH)
Bottom of the 7th over - 1 run, 3 hits, 0 errors, 1 left on base; Columbus 2 - Charlotte 8
TOP OF THE 8TH
Columbus Clippers batting - Pitching for Charlotte Knights : RHP Brett Kitchen
Batting: SHB Dan Hill 0-0: Ground out 1-3 (Groundball, 13S, EV 65.6 MPH)
Batting: LHB Gabe White 0-0: Ball
1-0: Ball
2-0: Called Strike
2-1: Swinging Strike
2-2: Ball
3-2: Foul Ball, location: 2F
3-2: Foul Ball, location: 2F
3-2: Ground out 5-3 (Groundball, 56S, EV 79.4 MPH)
Batting: LHB Corey Trevor 0-0: Ball
1-0: Called Strike
1-1: Ball
2-1: Swinging Strike
2-2: Ball
3-2: Fly out, F6 (Line Drive, 6, EV 71.2 MPH)
Top of the 8th over - 0 runs, 0 hits, 0 errors, 0 left on base; Columbus 2 - Charlotte 8
BOTTOM OF THE 8TH
Charlotte Knights batting - Pitching for Columbus Clippers : RHP Nesty Pulido
Batting: RHB Jeremy Hoffert 0-0: Ground out 6-3 (Groundball, 6M, EV 86.9 MPH)
Batting: LHB Carlos Ramirez 0-0: Ball
1-0: Ground out U3 (Groundball, 3L, EV 106.2 MPH)
Batting: LHB Jason Bell 0-0: Called Strike
0-1: Fly out, F9 (Flyball, 89D, EV 92.5 MPH)
Bottom of the 8th over - 0 runs, 0 hits, 0 errors, 0 left on base; Columbus 2 - Charlotte 8
TOP OF THE 9TH
Columbus Clippers batting - Pitching for Charlotte Knights : RHP Brett Kitchen
Batting: LHB Jesus Lozano 0-0: Called Strike
0-1: Foul Ball, location: 2F
0-2: Ball
1-2: Ball
2-2: Foul Ball, location: 2F
2-2: Ball
3-2: Fly out, F9 (Flyball, 89D, EV 98.8 MPH)
Batting: LHB Robert Watson 0-0: Ball
1-0: Ground out U3 (Groundball, 34, EV 112.5 MPH)
Batting: LHB Jack Bell 0-0: Foul Ball, location: 2F
0-1: Fly out, F7 (Flyball, 7, EV 77.5 MPH)
Top of the 9th over - 0 runs, 0 hits, 0 errors, 0 left on base; Columbus 2 - Charlotte 8
Tuesday, March 28th , 2023 - OOTP Baseball 23.10 Build 110